 Dungeon Crawl Stone Soup version 0.30-a0-210-g01b79a254e (webtiles) character file.

Game seed: 2854328333387527656

949 ryw the Cudgeller (level 7, -12/59 HPs)
             Began as a Demigod Fighter on Oct 4, 2022.
             Killed from afar by an acid dragon (16 damage)
             ... with a splash of acid
             ... on level 5 of the Dungeon.
             The game lasted 00:06:08 (4415 turns).

ryw the Cudgeller (Demigod Fighter)                 Turns: 4415, Time: 00:06:09

Health: -12/59     AC:  3    Str: 25    XL:     7   Next: 58%
Magic:  9/9        EV:  9    Int: 16    God:
Gold:   234        SH:  6    Dex: 22    Spells: 6/6 levels left

rFire   . . .      SeeInvis .    q - +10 flail of Red Wine {freeze, *Corrode Dex+9}
rCold   . . .      Faith    .    c - +0 buckler
rNeg    . . .      Spirit   .    b - +0 scale mail
rPois   .          Reflect  .    (no helmet)
rElec   .          Harm     .    (no cloak)
rCorr   .          Rampage  .    (no gloves)
Will    .....                    (no boots)
Stlth   ..........               (no amulet)
HPRegen 0.29/turn                u - +6 ring of intelligence
MPRegen 0.11/turn                (no ring)

@: mighty, corroded, studying Axes
A: high MP 1, forlorn, divine attributes
a: no special abilities


You were on level 5 of the Dungeon.
You visited 1 branch of the dungeon, and saw 5 of its levels.

You collected 234 gold pieces.

Inventory:

Hand Weapons
 a - a +0 long sword
 m - a +2 dagger of venom
 q - the +10 flail of Red Wine (weapon) {freeze, *Corrode Dex+9}
   (You found it on level 3 of the Dungeon)

   It freezes those it strikes, dealing additional cold damage.
   It can also slow down cold-blooded creatures.
   Dex:       It affects your dexterity (+9).
   *Corrode:  It may corrode you when you take damage.
Missiles
 l - 7 javelins (quivered)
 p - 6 boomerangs
 w - a throwing net
Armour
 b - a +0 scale mail (worn)
 c - a +0 buckler (worn)
 B - a +0 plate armour
Jewellery
 u - a +6 ring of intelligence (left hand)
Wands
 t - a wand of flame (26)
Scrolls
 g - 8 scrolls of identify {unknown}
 h - a scroll of amnesia {unknown}
 i - a scroll of teleportation {unknown}
 j - a scroll of enchant armour {unknown}
 n - a scroll of poison {unknown}
 s - 2 scrolls of fear {unknown}
 v - a scroll of silence {unknown}
 y - a scroll of magic mapping {unknown}
 A - 2 scrolls of noise {unknown}
Potions
 d - 2 potions of might
 e - 3 potions of mutation {unknown}
 f - a potion of flight {unknown}
 k - 3 potions of heal wounds {unknown}
 o - 2 potions of magic {unknown}
 r - 2 potions of brilliance {unknown}
 x - a potion of lignification {unknown}
 z - a potion of haste {unknown}


   Skills:
 - Level 4.2 Fighting
 - Level 2.3 Long Blades
 * Level 5.7 Maces & Flails
 - Level 4.2 Armour
 - Level 4.2 Shields


You had 6 spell levels left.
You didn't know any spells.
Your spell library contained the following spells:

 Spells                   Type           Power      Damage    Failure   Level
 Sandblast                Erth           0%         2d4       58%         1
 Passwall                 Tmut/Erth      0%         N/A       75%         2
 Kindle Blastsparks       Fire/Tloc/Air  0%         2d10      92%         3
 Stone Arrow              Conj/Erth      0%         3d7       92%         3
 Fulminant Prism          Conj/Hex       0%         3d6       100%        4
 Iskenderun's Mystic Bla  Conj/Tloc      0%         2d3       100%        4
 Lee's Rapid Deconstruct  Erth           0%         3d5*      100%        5


Dungeon Overview and Level Annotations

Branches:
Dungeon (5/15)             Temple (0/1) D:4

Shops:
D:1 *

Annotations:
D:5 2 transporters, Darkkill's ghost, novice HuHu


Innate Abilities, Weirdness & Mutations

You have an increased reservoir of magic. (+10% MP)
You shall have no god before yourself.
Your divine heritage dramatically boosts your attributes as you level up.


Message History

You kill the quokka!
No target in view!
No target in view!
A worm comes into view.
A worm is nearby!
The worm barely misses you.
You barely miss the worm. You hit the worm. You freeze the worm.
The worm is heavily wounded.
The worm barely misses you.
You hit the worm. You freeze the worm.
The worm is severely wounded.
The worm bites you!
You sock the worm! You freeze the worm.
You kill the worm!
No target in view!
No target in view!
There is an escape hatch in the ceiling here.
An acid dragon comes into view.
The acid dragon roars!
The acid dragon spits acid at you. The splash of acid hits you!
The acid corrodes you! The acid dragon barely misses you.
The acid dragon claws you.
You closely miss the acid dragon. The acid dragon bites you.
The acid dragon claws you.
You barely miss the acid dragon. The acid dragon spits acid at you.
The splash of acid hits you!!
Ouch! That really hurt!
* * * LOW HITPOINT WARNING * * *
You are too injured to fight recklessly!
You are too injured to fight recklessly!
Unknown command.
You feel very mighty all of a sudden. The acid dragon closely misses you.
The acid dragon claws you.
* * * LOW HITPOINT WARNING * * *
You closely miss the acid dragon. The acid dragon spits acid at you.
The splash of acid hits you!
You die...

###.####.## #........
#..###..###########........
#.....†....................
##....###..#########........
###..##.####...#######........
###...###....###..(...##########
....### ####........#..#.....#
##### ##########.##...<...# .
......D@............# #
############........# ####.#####
######## ###.#####
.......###############.......#
######.......<...............#
#################.......#
#.......# #.......#


You could see an acid dragon (catching breath).

Vanquished Creatures
  Grinder (D:3)
  A steam dragon (D:5)
  An ogre (D:4)
  A phantom (D:4)
  A scorpion (D:4)
  A jelly (D:4)
  4 hounds
  An iguana (D:4)
  Terence (D:3)
  3 adders
  6 gnolls
  An ufetubus (D:5)
  4 worms
  3 dart slugs
  3 orcs (D:3)
  6 bats
  3 endoplasms
  3 giant cockroaches
  4 goblins
  6 hobgoblins
  9 jackals
  7 quokkas
  7 ball pythons
  A frilled lizard (D:1)
  12 kobolds
  8 rats
98 creatures vanquished.

Notes
Turn   | Place    | Note
-------+----------+-------------------------------------------
     0 | D:1      | ryw the Demigod Fighter began the quest for the Orb.
     0 | D:1      | Reached XP level 1. HP: 18/18 MP: 3/3
    55 | D:1      | Found Vare's General Store.
   200 | D:1      | Reached XP level 2. HP: 22/25 MP: 4/4
  1018 | D:2      | Reached XP level 3. HP: 23/31 MP: 5/5
  1670 | D:3      | Noticed Grinder
  1688 | D:3      | Killed Grinder
  1689 | D:3      | Reached XP level 4. HP: 20/40 MP: 6/6
  1689 | D:3      | Reached XP level 5. HP: 23/46 MP: 7/7
  2150 | D:3      | Identified the +10 flail of Red Wine {freeze, *Corrode
                  | Dex+9}
  2351 | D:3      | Noticed Terence
  2356 | D:3      | Killed Terence
  2357 | D:3      | Reached XP level 6. HP: 52/52 MP: 8/8
  2667 | D:4      | Found a staircase to the Ecumenical Temple.
  2697 | D:4      | Reached skill level 1 in Maces & Flails
  2713 | D:4      | Reached skill level 2 in Maces & Flails
  2881 | D:4      | Reached skill level 3 in Maces & Flails
  3437 | D:4      | Reached XP level 7. HP: 59/59 MP: 9/9
  3439 | D:4      | Reached skill level 4 in Maces & Flails
  3877 | D:5      | Entered Level 5 of the Dungeon
  4092 | D:5      | Noticed a steam dragon
  4099 | D:5      | Reached skill level 5 in Maces & Flails
  4108 | D:5      | Killed a steam dragon
  4254 | D:5      | Noticed Darkkill's ghost (novice HuHu)
  4255 | D:5      | Found a transporter.
  4274 | D:5      | Found a transporter.
  4415 | D:5      | Killed from afar by an acid dragon

Illustrated notes

Levels and vault maps discovered:
D:1:      shiori_arrival_maze, layout_basic, serial_shops, shop,
          shapermc_ecumenical_altar_gd, dreamdust_princess_bridge,
          minmay_misc_feat_rugged, minmay_misc_feat_four_crosses
D:2:      layout_basic
D:3:      layout_basic, mainiacjoe_overflow_alcove_1, serial_curves,
          eino_curves_02, eino_curves_01, eino_curves_01, uniq_grinder,
          uniq_terence
D:4:      layout_loops_corners, mainiacjoe_overflow_big_doors,
          mainiacjoe_overflow_six_doors_small,
          minmay_temple_entry_statues_fountains, minmay_manual_moon
D:5:      layout_rooms, gammafunk_ghost_arena

Skill      XL: |  1  2  3  4  5  6  7 |
---------------+----------------------+-----
Long Blades    | 2 |  2.3
Shields        | 3 4 |  4.2
Fighting       | 3 4 |  4.2
Armour         | 3 4 |  4.2
Maces & Flails | 3 5 |  5.7

Action                   |  1- 3 |  4- 6 |  7- 9 || total
-------------------------+-------+-------+-------++-------
Melee: Long sword        |   100 |       |       ||   100
       Dagger            |    23 |    54 |       ||    77
       Flail             |       |    51 |    37 ||    88
  Use: Potion            |       |       |     1 ||     1
Armor: Scale mail        |    62 |    36 |    12 ||   110
Dodge: Dodged            |    51 |    36 |    16 ||   103
Block: Buckler           |    23 |    35 |     8 ||    66

Table legend: (Time is in decaauts)
 A = Elapsed time spent in this place.
 B = Non-inter-level travel time spent in this place.
 C = Inter-level travel time spent in this place.
 D = Time resting spent in this place.
 E = Time spent auto-exploring this place.
 F = Levels seen in this place.
 G = Mean time per level.
                   A        B        C        D        E       F      G
               +--------+--------+--------+--------+--------+-----+--------+
         Total |   4469 |   4388 |     81 |    422 |   3240 |   5 |  893.8 |
       Dungeon |   4469 |   4388 |     81 |    422 |   3240 |   5 |  893.8 |
               +--------+--------+--------+--------+--------+-----+--------+

Top non-repeatable levels by time:
     D:4: 1136 daAuts
     D:3: 1122 daAuts
     D:1: 979 daAuts
     D:2: 689 daAuts
     D:5: 541 daAuts
